AoeStats
← Pete Rysel

Four Lakes

509445070Analyzed
1v1 RM · 5d ago on Sep 26, 2026· 32m 57s· 2 players
Game mode
Random Map
Map size
Tiny (2 player)
Population
200
Speed
Normal
Resources
Standard
Victory
Conquest
Starting age
Dark Age
Ending age
Imperial Age
RankedLock teamsTeams togetherTeam positionsShared explorationLock speedFull tech treeHidden civsTurbo modeCheats
Victory
Defeat
🇦🇷 Bulgarians · Argentina
869
+15
🇨🇭 Armenians · Switzerland
846
-15
Pete Rysel
7:41 Loom
9:54 Feudal Age
10:56 Man-at-Arms
11:43 Double-Bit Axe
12:41 Arson
13:38 Fishing Lines
15:12 Long Swordsman
16:48 Scale Mail Armor
17:41 Forging
22:16 Castle Age
21:00 Horse Collar
23:27 Chain Mail Armor
25:00 Squires
24:23 Two-Handed Swordsman
26:09 Bow Saw
25:52 Gold Mining
26:00 Gillnets
26:11 Champion
27:07 Pikeman
28:23 Stone Mining
franmegalodonte
10:55 Feudal Age
10:46 Loom
12:08 Double-Bit Axe
14:32 Forging
20:01 Castle Age
18:26 Stone Mining
18:20 Horse Collar
20:13 Gold Mining
20:52 Bow Saw
21:15 Scale Mail Armor
24:00 Fletching
24:47 Iron Casting
24:27 Squires
25:11 Gambesons
26:37 Wheelbarrow
27:28 Chain Mail Armor
34:43 Imperial Age
32:32 Hand Cart
Connection lost

Rejoining the realm…

Still unreachable

The connection could not be restored.

Session expired

The server has moved on; the page needs a fresh start.